 Dungeon Crawl Stone Soup version 0.30-a0-924-g0ad0bf95bc (webtiles) character file.

Game seed: 17411778357866764010

99 ZeroWinrate the Magician (level 4, 0/24 HPs)
             Began as a Gargoyle Hedge Wizard on Mar 12, 2023.
             Slain by a ball python (3 damage)
             ... on level 3 of the Dungeon on Mar 22, 2023.
             The game lasted 00:10:49 (2749 turns).

ZeroWinrate the Magician (Gargoyle Hedge Wizard)    Turns: 2749, Time: 00:10:50

Health: 0/24       AC:  5    Str: 13    XL:     4   Next: 72%
Magic:  0/9        EV: 11    Int: 17    God:
Gold:   82         SH:  0    Dex:  9    Spells: 4/10 levels left

rFire   x . .      SeeInvis .    a - +1 dagger
rCold   + . .      Faith    .    (no shield)
rNeg    + . .      Spirit   +    b - +0 robe
rPois   ∞          Reflect  .    c - +0 hat
rElec   +          Rampage  .    (no cloak)
rCorr   +                        (no gloves)
Will    .....                    (no boots)
Stlth   ++                       t - amulet of guardian spirit
HPRegen 0.24/turn                e - ring of resist corrosion
MPRegen 0.11/turn                h - ring of ice

@: on blink cooldown, studying Axes
A: sickness immunity, AC +3, negative energy resistance 1, electricity
resistance, torment resistance 1, petrification resistance
a: no special abilities


You were on level 3 of the Dungeon.
You visited 1 branch of the dungeon, and saw 4 of its levels.

You collected 82 gold pieces.

Inventory:

Hand Weapons
 a - a +1 dagger (weapon)
 q - a +0 sling
Missiles
 i - 3 poisoned darts
Armour
 b - a +0 robe (worn)
 c - a +0 hat (worn)
 m - a +0 buckler
 n - a +0 cloak
Jewellery
 e - a ring of resist corrosion (left hand)
 h - a ring of ice (right hand)
 t - an amulet of guardian spirit (around neck)
Scrolls
 f - a scroll of torment
 s - a scroll of immolation
Potions
 g - a potion of degeneration {unknown}
 j - a potion of haste {unknown}
 k - 2 potions of curing {unknown}
 l - a potion of cancellation {unknown}
 o - a potion of might {unknown}
 p - a potion of attraction {unknown}
 r - 2 potions of ambrosia {unknown}


   Skills:
 - Level 1.5 Dodging
 - Level 2.1 Stealth
 + Level 3.5 Spellcasting
 + Level 2.5 Conjurations
 - Level 2.0 Summonings
 - Level 2.0 Translocations


You had 4 spell levels left.
You knew the following spells:

 Your Spells              Type           Power      Damage    Failure   Level
a - Magic Dart            Conj           44%        1d5       6%          1
b - Slow                  Hex            12%        N/A       17%         1
c - Blink                 Tloc           18%        N/A       11%         2
d - Call Imp              Summ           9%         N/A       11%         2

Your spell library contained the following spells:

 Spells                   Type           Power      Damage    Failure   Level
 Apportation              Tloc           18%        N/A       8%          1
 Mephitic Cloud           Conj/Pois/Air  5%         N/A       34%         3
 Alistair's Intoxication  Tmut/Pois      2%         N/A       99%         5
 Cigotuvi's Dreadful Rot  Necr/Pois/Air  Unusable   N/A       N/A         2

Dungeon Overview and Level Annotations

Branches:
Dungeon (4/15)
 Temple: D:4-7

Altars:

Shops:
D:1 [

Annotations:
D:3 Grinder
D:4 Robin


Innate Abilities, Weirdness & Mutations

You are immune to sickness and miasma.
Your stone body is resilient. (AC +3)
You are immune to poison.
You resist negative energy. (rN+)
You are resistant to electric shocks. (rElec)
You are resistant to unholy torment.
You are immune to petrification.


Message History

You blink.
The hobgoblin hits you.
* * * LOW HITPOINT WARNING * * *
Your white imp hits the hobgoblin.
Your white imp freezes the hobgoblin.
The hobgoblin dies!
The ball python closely misses you. The ball python misses you.
Unknown command.
Unknown command.
The orc barely misses your white imp.
Unknown command.
Unknown command.
Unknown command.
Unknown command.
Unknown command.
Unknown command.
Unknown command.
Unknown command.
The ball python attacks as you move away!
The ball python bites you.
* * * LOW HITPOINT WARNING * * *
The orc hits your white imp with a +0 short sword.
Okay, then.
Unknown command.
Casting: Blink (safe; 11% risk of failure)
Confirm with . or Enter, or press ? or * to list all spells.
A beastly little devil appears in a puff of flame.
Your white imp disappears in a puff of smoke!
The ball python bites you but does no damage.
The ball python closely misses you.
Unknown command.
Unknown command.
Casting: Call Imp (safe; 11% risk of failure)
Confirm with . or Enter, or press ? or * to list all spells.
You don't have enough magic to cast this spell.
Unknown command.
Unknown command.
Unknown command.
Unknown command.
The ball python attacks as you move away!
The ball python bites you.
You die...

######## ##......##
##........####### #
#..........##...## # #
#(.........#.....## #
###.................# #
................@.5.# #######
.##.............S5..# #..#...
.###............§...#######..#.##
###...........o............>...##
# #..(...........#######......##.
#...(.....(.#...## ##...#..###. #
#..........[##...###..[##...... #
#............##...8.S.###......
####........###.##.._..##.#....##


You could see Grinder (ally target), an orc, a ball python and a friendly
crimson imp (summoned).

Vanquished Creatures
  An adder (D:2)
  An adder skeleton (D:2)
  3 dart slugs (D:1)
  An orc (D:3)
  A bat (D:1)
  2 bat zombies (D:2)
  3 endoplasms
  A giant cockroach (D:3)
  6 hobgoblins
  3 kobolds
  2 quokkas
  4 ball pythons
  A frilled lizard (D:1)
  A giant cockroach zombie (D:2)
  A jackal skeleton (D:2)
  2 rats (D:1)
33 creatures vanquished.

Vanquished Creatures (collateral kills)
  Terence (D:3)
  2 worms (D:2)
  3 ball pythons
  2 bats (D:2)
  An endoplasm (D:2)
  A goblin (D:4)
  A hobgoblin (D:3)
  A kobold (D:2)
  A quokka (D:3)
13 creatures vanquished.

Vanquished Creatures (others)
  8 toadstools (D:3)
  3 withered plants (D:2)
11 creatures vanquished.

Grand Total: 57 creatures vanquished

Notes
Turn   | Place    | Note
-------+----------+-------------------------------------------
     0 | D:1      | ZeroWinrate the Gargoyle Hedge Wizard began the quest for
                  | the Orb.
     0 | D:1      | Reached XP level 1. HP: 10/10 MP: 4/4
    67 | D:1      | Learned a level 1 spell: Slow
    87 | D:1      | Reached skill level 1 in Summonings
    87 | D:1      | Reached skill level 1 in Translocations
   335 | D:1      | Reached XP level 2. HP: 9/15 MP: 1/6
   596 | D:1      | Found Biuzog's Armour Boutique.
   772 | D:2      | Reached XP level 3. HP: 19/19 MP: 3/7
   775 | D:2      | Learned a level 2 spell: Blink
   778 | D:2      | Learned a level 2 spell: Call Imp
   992 | D:1      | Upgraded the game from 0.30-a0-879-ga8ba668304 to
                  | 0.30-a0-924-g0ad0bf95bc
  1712 | D:2      | Reached XP level 4. HP: 24/24 MP: 9/9
  2169 | D:3      | Noticed Terence
  2194 | D:3      | Killed Terence
  2293 | D:3      | Found a faded altar of an unknown god.
  2474 | D:3      | Noticed Grinder
  2507 | D:3      | Paralysed by Grinder for 3 turns
  2531 | D:3      | Paralysed by Grinder for 5 turns
  2545 | D:3      | Paralysed by Grinder for 3 turns
  2551 | D:3      | Paralysed by Grinder for 4 turns
  2682 | D:4      | Identified the +1 helmet "Ymiboteu" {*Slow Int+4 Dex+4}
  2682 | D:4      | Noticed Robin
  2749 | D:3      | Slain by a ball python

Illustrated notes

Levels and vault maps discovered:
D:1:      eino_arrival_druids_welcome, layout_rooms, serial_shops,
          nicolae_shop_crystal
D:2:      layout_loops_ring, serial_undead, serial_undead_c, serial_undead_e,
          serial_undead_c, serial_undead_e, grunt_ministairs_13, minivault_27,
          kennysheep_path_1
D:3:      cheibrodos_fertilizer, layout_rooms,
          hellmonk_ecumenical_altar_crossroads, uniq_jessica, uniq_terence,
          uniq_grinder
D:4:      layout_cave_pods, grunt_temple_overflow_magic_moments,
          portal_sewer_entry_a, uniq_robin

Skill      XL: |  1  2  3  4 |
---------------+-------------+-----
Summonings     | 1 2 |  2.0
Translocations | 1 2 |  2.0
Conjurations   | 2 |  2.5
Dodging        | |  1.5
Stealth        | |  2.1
Spellcasting   | |  3.5

Action                     |  1- 3 |  4- 6 || total
---------------------------+-------+-------++-------
  Melee: Dagger            |   107 |    26 ||   133
         Punch             |     1 |       ||     1
  Throw: Dart              |       |    10 ||    10
   Cast: Magic Dart        |    66 |    21 ||    87
         Call Imp          |     5 |    13 ||    18
         Slow              |       |     5 ||     5
         Blink             |       |     2 ||     2
    Use: Scroll            |     4 |     6 ||    10
         Potion            |       |     1 ||     1
   Stab: Sleeping          |     2 |     1 ||     3
 Armour: Robe              |    49 |    43 ||    92
  Dodge: Dodged            |    87 |    56 ||   143

Table legend: (Time is in decaauts)
 A = Elapsed time spent in this place.
 B = Non-inter-level travel time spent in this place.
 C = Inter-level travel time spent in this place.
 D = Time resting spent in this place.
 E = Time spent auto-exploring this place.
 F = Levels seen in this place.
 G = Mean time per level.
                   A        B        C        D        E       F      G
               +--------+--------+--------+--------+--------+-----+--------+
         Total |   2750 |   2644 |    106 |    257 |   1667 |   4 |  687.5 |
       Dungeon |   2750 |   2644 |    106 |    257 |   1667 |   4 |  687.5 |
               +--------+--------+--------+--------+--------+-----+--------+

Top non-repeatable levels by time:
     D:2: 1265 daAuts
     D:1: 903 daAuts
     D:3: 444 daAuts
     D:4: 137 daAuts
